Cogmind - Beta 11.1 @@@ ROGUE MODE // 2022.12.02 @ 20:24:31 Player: fard Result: Destroyed by as-04076 with Assembled Heavy Rifle Performance ------------- Evolutions (1) 500 Regions Visited (4) 800 Robots Destroyed (43) 215 Value Destroyed (880) 880 Prototype IDs (2) 40 Alien Tech Used (0) 0 Bonus (153) 153 TOTAL SCORE: 2588 Bonus ------- High Alert Combat Kills 118 Follower Combat Kills 35 Cogmind --------- Core Integrity 0/400 Matter 230/300 Energy 88/100 System Corruption 0% Temperature Cool (42) Movement Core (100) Ox1 Location -9/Mines Parts ------- > --- POWER (1) -------- (None) > --- PROPULSION (3) --- (None) > --- UTILITY (2) ------ Improved Targeting Computer > --- WEAPON (3) ------- EM Pulse Gun Hammer > --- INVENTORY (5) ---- Heat Sink Utility Shielding Heavy Assault Rifle Shotgun Shotgun Peak State ------------ > --- POWER ------------ Improved Ion Engine > --- PROPULSION ------- Aluminum Leg Aluminum Leg Aluminum Leg > --- UTILITY ---------- Improved Targeting Computer Light Armor Plating > --- WEAPON ----------- Heavy Assault Rifle Shotgun Shotgun > --- INVENTORY -------- Ion Engine Heat Sink Utility Shielding EM Pulse Gun Small Laser [Rating: 14] Favorites ----------- Power Ion Engine Engine Ion Engine Propulsion Wheel Treads Light Treads Leg Aluminum Leg Wheel Wheel Utility Sensor Array Device Sensor Array Storage Small Storage Unit Processor Improved Targeting Computer Protection Light Armor Plating Weapon Shotgun Energy Gun Small Laser Ballistic Gun Shotgun Launcher Rocket Launcher Impact Weapon Hammer Build | -11 -10 -10 -9 -9 ------- Run | Scr Mat Min Mat Min Slots Evolved 2 | . . . 2 . Power . | . . . . . Propulsion 1 | . . . 1 . Utility . | . . . . . Weapon 1 | . . . 1 . Parts Attached 35 | 10 4 . 16 5 Power 5 | 1 . . 2 2 Engine 5 | 1 . . 2 2 Core . | . . . . . Reactor . | . . . . . Propulsion 7 | 4 . . 3 . Treads 2 | 2 . . . . Leg 3 | . . . 3 . Wheel 2 | 2 . . . . Hover . | . . . . . Flight . | . . . . . Utility 11 | 3 2 . 6 . Device 4 | 1 2 . 1 . Storage 3 | 2 . . 1 . Processor 2 | . . . 2 . Hackware . | . . . . . Protection 2 | . . . 2 . Artifact . | . . . . . Weapon 12 | 2 2 . 5 3 Energy Gun 3 | 1 . . 1 1 Energy Cannon . | . . . . . Ballistic Gun 5 | 1 2 . 2 . Ballistic Cannon . | . . . . . Launcher 2 | . . . 2 . Special Weapon . | . . . . . Impact Weapon 2 | . . . . 2 Slashing Weapon . | . . . . . Piercing Weapon . | . . . . . Special Melee Weapon . | . . . . . Unidentified Prototypes . | . . . . . Parts Lost 11 | . . . 5 6 Power 1 | . . . . 1 Propulsion 5 | . . . 2 3 Utility 3 | . . . 2 1 Weapon 2 | . . . 1 1 Highest Loss Streak 5 | . . . 3 5 To Critical Strikes . | . . . . . Average Slot Usage (%) 90 | . 100 100 78 84 Engine 12 | . 14 14 11 11 Leg 8 | . . . 14 19 Wheel 14 | . 28 28 3 . Device 15 | . 18 28 7 . Processor 2 | . . . 3 11 Protection 3 | . . . 6 9 Energy Gun 1 | . 9 . 1 3 Ballistic Gun 23 | . 18 28 24 12 Launcher 3 | . . . 6 11 Impact Weapon 1 | . . . . 6 Naked Turns . | . . . . . Heaviest Build 23 | 15 14 14 20 23 Greatest Support 40 | 40 20 20 30 20 Greatest Overweight (x) 5 | 3 . . 5 5 Average Overweight (x) . | . . . . . Largest Inventory Capacity 8 | 8 8 5 5 5 Average Capacity 5 | 7 7 5 5 5 Most Carried 8 | 8 8 5 5 5 Average Carried 5 | 5 6 4 4 5 Final Capacity 8 | 8 5 5 5 5 Final Carried 7 | 7 5 5 5 5 Class Distribution -------------------- 71% | Mutant 13% | Scavenger-Gunner 6% | Scavenger-Mutant 5% | Skirmisher 3% | Tank Dominant Class ---------------- Mutant | -10/Materials Mutant | -10/Mines Scavenger-Gunner | -9/Materials Scavenger-Mutant | -9/Mines Resources | -11 -10 -10 -9 -9 ----------- Run | Scr Mat Min Mat Min Matter Collected 1008 | 377 89 58 270 214 Remotely . | . . . . . Salvage Created 1035 | 243 94 30 448 220 Parts 85 | 18 7 1 44 15 Haulers Intercepted . | . . . . . Recyclers Shooed 2 | . . . 1 1 Parts Field Recycled . | . . . . . Retrieved Matter . | . . . . . Parts Self-Destructed . | . . . . . Prevented . | . . . . . Kills | -11 -10 -10 -9 -9 ------- Run | Scr Mat Min Mat Min Combat Hostiles Destroyed 32 | . 2 1 14 15 Guns 14 | . 2 1 9 2 AOE 17 | . . . 5 12 Classes Destroyed 10 | 3 2 1 1 3 Worker 5 | 2 . 1 1 1 Builder 1 | . . . . 1 Tunneler 6 | 5 . . 1 . Recycler 2 | 1 . . 1 . Watcher 3 | . 1 . 2 . Swarmer 9 | . . 1 4 4 Grunt 12 | . 2 . 6 4 Duelist 1 | . . . . 1 Sentry 4 | . . . 4 . Assembled 6 | . . . . 6 Best Kill Streak 6 | 2 3 1 4 6 Combat Bots Only 6 | . 2 1 4 6 Max Kills in Single Turn 3 | 1 1 1 2 3 Gunslinging 1 | . . . 1 . Exploded 3 | . . . 1 3 Melee . | . . . . . Uniques/NPCs Destroyed . | . . . . . Combat | -11 -10 -10 -9 -9 -------- Run | Scr Mat Min Mat Min Damage Taken 1460 | . 34 55 570 801 Core 432 | . 11 11 119 291 Absorbed by Shields 67 | . 9 23 35 . Core Remaining (%) 95 | 100 . 91 . . Volleys Fired 93 | 35 3 6 35 14 Largest 3 | 2 2 2 3 3 Hottest 96 | 60 46 46 79 96 Shots Fired 145 | 39 6 12 60 28 Gun 118 | 39 6 12 42 19 Cannon . | . . . . . Launcher 27 | . . . 18 9 Special . | . . . . . Kinetic 75 | 4 6 12 42 11 Thermal 35 | 35 . . . . Explosive 27 | . . . 18 9 Electromagnetic 8 | . . . . 8 Robot Hit Streak 11 | 7 9 10 11 3 Robot Miss Streak 6 | 2 1 3 6 3 Penetration Max . | . . . . . Secondary Targets 2 | . 1 . 1 . Max Gunslinging Chain 1 | . 1 . 1 . Shots Hit Robots 94 | 28 5 8 37 16 Core Hits 85 | 9 6 2 36 32 Critical Kills . | . . . . . Critical Parts Destroyed 2 | . . . 1 1 Critical Strikes 2 | . . . 1 1 Destroy 1 | . . . 1 . Smash 1 | . . . . 1 Melee Attacks 7 | . . . . 7 Impact 7 | . . . . 7 Slashing . | . . . . . Piercing . | . . . . . Sneak Attacks 2 | . . . . 2 Combat Hostiles . | . . . . . Follow-up Attacks . | . . . . . Damage Inflicted 2620 | 319 76 132 1000 1093 Guns 1047 | 319 76 132 413 107 Cannons . | . . . . . Explosions 1446 | . . . 587 859 Melee 127 | . . . . 127 Ramming . | . . . . . Kinetic 725 | 40 76 132 413 64 Thermal 279 | 279 . . . . Explosive 1446 | . . . 587 859 Electromagnetic 43 | . . . . 43 Impact 127 | . . . . 127 Slashing . | . . . . . Piercing . | . . . . . Highest Corruption . | . . . . . Average Corruption . | . . . . . Corruption Purged . | . . . . . Corruption Blocked . | . . . . . Overload Shots . | . . . . . Overflow Damage 49 | . . . . 49 Projectiles . | . . . . . Explosions . | . . . . . Melee 49 | . . . . 49 Knockbacks 1 | . . . . 1 Impact 1 | . . . . 1 Kinetic . | . . . . . Secondary . | . . . . . Self-Inflicted Damage 68 | . . . 59 9 Shots 3 | . . . 2 1 Rammed . | . . . . . Targets Rammed . | . . . . . Kicked . | . . . . . Crushed . | . . . . . Highest Temperature 89 | . . . 45 89 Average Temperature 24 | . . . 12 32 Received Heat Transfer 277 | . 18 . 159 100 Siege Activations . | . . . . . Robots Corrupted . | . . . . . Combat Hostiles . | . . . . . Parts Fried 2 | . . . . 2 Impact Corruptions 3 | . . . . 3 Robots Melted . | . . . . . Combat Hostiles . | . . . . . Parts Melted . | . . . . . Heat Transferred 625 | 625 . . . . Parts Sabotaged . | . . . . . Parts Stolen . | . . . . . Parts Stripped . | . . . . . Power Chain Reactions . | . . . . . Missiles Intercepted . | . . . . . Alert | -11 -10 -10 -9 -9 ------- Run | Scr Mat Min Mat Min Peak Influence 703 | 40 126 246 703 614 Initial 273 | . 26 48 17 273 Average 225 | 18 54 93 453 519 Maximum Alert Level 3 | . . 1 3 2 Low Security (%) 60 | 100 100 89 13 . Level 1 5 | . . 10 9 2 Level 2 32 | . . . 75 97 Level 3 . | . . . 1 . Level 4 . | . . . . . Level 5 . | . . . . . High Security . | . . . . . Max Security . | . . . . . Squads Dispatched 3 | . 1 . 2 . Investigation 2 | . 1 . 1 . Extermination . | . . . . . Reinforcement 1 | . . . 1 . Assault . | . . . . . Garrison . | . . . . . Intercept . | . . . . . Searches Triggered . | . . . . . Construction Impeded . | . . . . . Haulers Reinforced . | . . . . . Active Scanning Responses . | . . . . . Cargo Convoy Interrupts . | . . . . . Stealth | -11 -10 -10 -9 -9 --------- Run | Scr Mat Min Mat Min Distress Signals 3 | . 1 . 2 . Communications Jammed . | . . . . . Distress Signals . | . . . . . Times Spotted 50 | . 4 6 17 23 Peak Tracking Total 7 | . 3 3 4 7 Tactical Retreats 1 | . . 1 . . Traps | -11 -10 -10 -9 -9 ------- Run | Scr Mat Min Mat Min Traps Triggered 1 | . . . 1 . Indirectly . | . . . . . Trap Hack Attempts . | . . . . . Triggered . | . . . . . Disarmed . | . . . . . Reprogrammed . | . . . . . Reused . | . . . . . Traps Extracted . | . . . . . Installed . | . . . . . Triggered . | . . . . . Machines | -11 -10 -10 -9 -9 ---------- Run | Scr Mat Min Mat Min Machines Disabled 3 | . . . 3 . Max in Single Turn 1 | . . . 1 . Machines Sabotaged . | . . . . . Garrisons Compromised . | . . . . . Overloaded Fab Kills . | . . . . . Hacking | -11 -10 -10 -9 -9 --------- Run | Scr Mat Min Mat Min Machines Accessed 1 | . 1 . . . Terminals 1 | . 1 . . . Fabricators . | . . . . . Repair Stations . | . . . . . Recycling Units . | . . . . . Scanalyzers . | . . . . . Garrison Access . | . . . . . Total Hacks 9 | . 9 . . . Successful 6 | . 6 . . . Failed 3 | . 3 . . . Catastrophic . | . . . . . Database Lockouts . | . . . . . Manual . | . . . . . Terminals 9 | . 9 . . . Fabricators . | . . . . . Repair Stations . | . . . . . Recycling Units . | . . . . . Scanalyzers . | . . . . . Garrison Access . | . . . . . Terminal Hacks 6 | . 6 . . . Record 2 | . 2 . . . Prototype ID Bank 1 | . 1 . . . Locate Traps 1 | . 1 . . . Dispatch Records 1 | . 1 . . . Zone Layout 1 | . 1 . . . Fabricator Hacks . | . . . . . Repair Station Hacks . | . . . . . Recycling Unit Hacks . | . . . . . Scanalyzer . | . . . . . Garrison Access Hacks . | . . . . . Unauthorized Hacks . | . . . . . Terminals . | . . . . . Fabricators . | . . . . . Repair Stations . | . . . . . Recycling Units . | . . . . . Scanalyzers . | . . . . . Garrison Access . | . . . . . Data Cores Recovered . | . . . . . Used . | . . . . . Hacking Detections 1 | . 1 . . . Full Trace Events 1 | . 1 . . . Feedback Events . | . . . . . Feedback Blocked . | . . . . . Robot Schematics Acquired . | . . . . . Robots Built . | . . . . . Authchips . | . . . . . Time . | . . . . . Total Robot Build Rating . | . . . . . Part Schematics Acquired . | . . . . . Parts Built . | . . . . . Authchips . | . . . . . Time . | . . . . . Total Part Build Rating . | . . . . . Parts Repaired . | . . . . . Time . | . . . . . Parts Recycled . | . . . . . Recycled Matter . | . . . . . Retrieved Matter . | . . . . . Retrieved Components . | . . . . . Parts Scanalyzed . | . . . . . Part Schematics Acquired . | . . . . . Parts Damaged . | . . . . . Bothacking | -11 -10 -10 -9 -9 ------------ Run | Scr Mat Min Mat Min Used RIF Installer . | . . . . . Robots Hacked . | . . . . . Non-combat . | . . . . . Combat . | . . . . . Robot Hacks Applied . | . . . . . Relay Couplers Released . | . . . . . Fabnet Peak Effective % . | . . . . . Robots Rewired . | . . . . . Allies Hacked . | . . . . . Hacks Repelled . | . . . . . Allies | -11 -10 -10 -9 -9 -------- Run | Scr Mat Min Mat Min Total Allies 4 | . . 4 . . Largest Group 4 | . . 4 . . Highest-Rated Group 71 | . . 71 . . Highest-Rated Ally 31 | . . 31 . . Total Orders . | . . . . . Ally Attacks 9 | . . 9 . . Total Damage 115 | . . 115 . . Kills 5 | . . 5 . . Allies Corrupted . | . . . . . Allies Melted . | . . . . . Intel | -11 -10 -10 -9 -9 ------- Run | Scr Mat Min Mat Min Robot Analysis Total . | . . . . . Derelict Logs Recovered 1 | . . 1 . . Drone Launches . | . . . . . Drone Recoveries . | . . . . . Exploration | -11 -10 -10 -9 -9 ------------- Run | Scr Mat Min Mat Min Turns Passed 1375 | 313 88 429 361 184 Spaces Moved 959 | 209 76 449 155 70 Core 45 | 27 . . 17 1 Treads 19 | 19 . . . . Legs 168 | . . . 99 69 Wheels 727 | 163 76 449 39 . Hover . | . . . . . Flight . | . . . . . Fastest Speed 50 | 50 80 80 80 120 Average Speed 101 | 100 80 80 146 164 Slowest Speed 300 | 200 80 80 300 300 Overloaded Moves . | . . . . . Propulsion Burnouts . | . . . . . Robots Hopped . | . . . . . Cave-ins Triggered . | . . . . . Exploration Rate (%) 31 | 8 17 84 25 21 Regions Visited 4 Branch Regions 2 Pre-discovered Areas 1 | . . . . 1 Known Exits Taken . | . . . . . Unknown Exits Taken 4 | 1 1 1 1 . Scrap Searched 1 | . . 1 . . Spaces Dug . | . . . . . Terrain Destroyed 191 | . . . 114 77 Melee . | . . . . . Projectile . | . . . . . AOE 191 | . . . 114 77 Terrain Rammed . | . . . . . Walls Destroyed . | . . . . . Machines Disabled . | . . . . . Actions | -11 -10 -10 -9 -9 --------- Run | Scr Mat Min Mat Min Total 1207 | 271 96 507 232 101 Wait 76 | 3 8 51 13 1 Move 955 | 208 75 448 154 70 Hop . | . . . . . Pick Up 26 | 14 3 1 7 1 Fast Attach 8 | . 1 . 5 2 Attach 13 | 8 . . 5 . Detach 1 | 1 . . . . Swap 14 | 2 3 . 6 3 Drop 14 | . 3 1 7 3 Fire 93 | 35 3 6 35 14 Melee 7 | . . . . 7 Ram . | . . . . . Kick . | . . . . . Crush . | . . . . . Escape Stasis . | . . . . . Rewire . | . . . . . Trap . | . . . . . Miscellaneous . | . . . . . Route ------- -11/Scrapyard -10/Materials -10/Mines -9/Materials (discovered 2 exits: [*Min] / [*Sto]) -9/Mines History --------- Turn | Location | Event 23 | -11/Scrapyard | Discovered new exit (range 16) 314 | -11/Scrapyard | Entered Materials 327 | -10/Materials | Build established: Mutant 349 | -10/Materials | Discovered new exit (range 17) 402 | -10/Materials | Entered Mines 409 | -10/Mines | Received a Rocket Launcher from a helpful Derelict 576 | -10/Mines | Received a Mining Laser from a helpful Derelict 659 | -10/Mines | Assisted by bots powering up and referring to "LRC-V3" 736 | -10/Mines | Discovered new exit (range 4) 753 | -10/Mines | Learned Materials security intel 831 | -10/Mines | Entered Materials 831 | -9/Materials | Evolved 2 slots: Propulsion x1, Weapon x1 868 | -9/Materials | Discovered new exit (range 16) 912 | -9/Materials | Lost 3 parts (2n1u) 1092 | -9/Materials | Discovered new exit (range 13) 1192 | -9/Materials | Entered Mines 1318 | -9/Mines | Assembled infested the area 1331 | -9/Mines | Learned location of Storage (-9) 1356 | -9/Mines | Core integrity fell below 50% 1373 | -9/Mines | Core integrity fell below 20% 1376 | -9/Mines | Destroyed by as-04076 with Assembled Heavy Rifle Last Messages --------------- 01355_ as-06281 destroyed. 01356_ D-53 Grenadier destroyed. 01356_ as-48633 destroyed. 01357_ The unstable cave ceiling collapses. 01358_ K-01 Serf collects debris. 01359_ as-96723 destroyed. 01359_ as-60505 destroyed. 01359_ as-70562 destroyed. 01363_ The unstable cave ceiling collapses. 01363_ K-01 Serf collects debris. 01364_ as-85062 destroyed. 01366_ The unstable cave ceiling collapses. 01366_ U-05 Engineer destroyed. 01367_ K-01 Serf collects debris. 01370_ Rnf. Ion Engine destroyed. 01370_ K-01 Serf collects debris. 01372_ Rocket Launcher destroyed. 01374_ U-05 Engineer lays Concrete. 01375_ K-01 Serf collects debris. 01375_ U-05 Engineer lays Concrete. Map ----- +----------------------------------------------------+ | ?????????????????????????????????????? | | ?????????????????????????????????????? | | ?????????????????????????????????????? | | ?????????????????????????????????????? | | ?????????????????????????????????????? | | ?????????????????????????????????????? | | ?????????????????????????????????????? | | ?????????????????????????????????????? | | ?????????????????????????????????????? | | ?????????????????????????????????????? | | ?????????????????????????????????????? | | ?????????????????????????????????????? | | ?????????????????????????????????????? | | #????????????????????????????????????? | | ##???????????????????????????????????? | | #??????????????????????##???????????? | | ##?????????????????????# ???????????? | | ##??????????#####?##??# #??????????? | | ##?????????? #?# ### #??????????? | | #???????????# ## #??????????? | | #?????###???# a # ##?????????? | | * #????## ##### ##????????? | | # ! #???## ###??????? | | # ####### aaa #??????? | | # ## aa ##?????? | | # # a@ #?????? | | ########## [ # #?????? | | #????????# #### #*%= ##????? | | #????????##%##??# # #????? | | ##?##?????# ???### # k #?? | | ### ##????### ???#### # u #? | | #??????? ??????#### # #? | | #???????? ????????####### ##? | | ##???????? #??????????????# #?? | | #?????????#??????????????? #?? | | ##?????????????????????????? #? | | # ##??????????????????????????? #? | | ###????????????????????????????? #? | | ##???????????????????????????????? ##? | | ???????????????????????????????????#?? | | ?????????????????????????????????????? | | ?????????????????????????????????????? | | ?????????????????????????????????????? | | ?????????????????????????????????????? | | ?????????????????????????????????????? | | ?????????????????????????????????????? | | ?????????????????????????????????????? | | ?????????????????????????????????????? | | ?????????????????????????????????????? | | ?????????????????????????????????????? | +----------------------------------------------------+ Best States ------------- Heat Dissipation 38 Energy Generation 12 Energy Capacity 265 Matter Stores 345 Matter Capacity 400 Sight Range 16 Robot Scan Range 14 Terrain Scan Range 16 Terrain Scan Density 10 Armor Coverage 150 Evasion (%) 55 Targeting Accuracy 6 Recoil Reduction 2 Item Schematics ----------------- None Robot Schematics ------------------ None Fabricated ------------ Nothing Alien Tech Used ----------------- None Achievements -------------- None Challenges ------------ None Game ------ Seed ImpulseCargoMatter Manual? 0 Play Time 00:21:51 Cumulative 7.5 hours Start 2022.12.02 @ 20:02:50 End 2022.12.02 @ 20:24:31 Sessions 1 Manual Loads 0 Difficulty Rogue Special Mode None Game No. 8 Rogue 8 Adventurer 0 Explorer 0 Win Type - Total 0 Types 0/0/0/0/0/0/0/0/0 Lore% 16 Gallery% 13 Achievement% 12 Wizard Run 0 Options --------- ASCII 0 Keyboard 0 Movement Mouse Keybinds 0 Fullscreen 0 Font 18/SmallcapsGlow Map View 76x50 Tactical HUD 1 Map Filters NONE Filters NONE Steam 1 RUN: 754c1c02-b34a-4773-bfa5-bbaaba343296